 Dungeon Crawl Stone Soup version 0.22-a0-570-g58866f5 (webtiles) character file.

286 Hebeh the Chopper (level 6, -7/53 HPs)
             Began as a Minotaur Fighter on June 30, 2018.
             Mangled by a two-headed ogre
             ... wielding a +0 giant club
              (13 damage)
             ... on level 4 of the Dungeon.
             The game lasted 00:07:27 (1994 turns).

Hebeh the Chopper (Minotaur Fighter)                Turns: 1994, Time: 00:07:27

Health: -7/53      AC:  7    Str: 22    XL:     6   Next: 8%
Magic:  5/5        EV:  7    Int:  5    God:
Gold:   172        SH: 11    Dex: 10    Spells: 5/5 levels left

rFire    . . .     SeeInvis +   b - +3 mace (venom)
rCold    . . .     Gourm    +   c - +1 shield
rNeg     . . .     Faith    .   i - +0 scale mail
rPois    .         Spirit   .   (helmet restricted)
rElec    .         Reflect  .   (no cloak)
rCorr    .         Harm     .   (no gloves)
MR       .....                  (no boots)
Stlth    ..........             t - amulet of the gourmand
HPRegen  0.17/turn              j - ring of see invisible
MPRegen  0.09/turn              p - ring of flight (curse)

@: no status effects
A: retaliatory headbutt, horns 2
a: Evoke Flight


You were on level 4 of the Dungeon.
You were not hungry.

You visited 1 branch of the dungeon, and saw 4 of its levels.

You collected 172 gold pieces.

Inventory:

Hand Weapons
 a - a +0 war axe
 b - a +3 mace of venom (weapon)
Armour
 c - a +1 shield (worn)
 i - a +0 scale mail (worn)
Jewellery
 j - a ring of see invisible (left hand)
 n - an uncursed ring of resist corrosion
 p - a cursed ring of flight (right hand)
 t - an amulet of the gourmand (around neck)
Scrolls
 h - a scroll of enchant weapon
 l - 2 scrolls of remove curse
 q - 3 scrolls of teleportation
 r - a scroll of immolation
 v - a scroll of identify
Potions
 d - a potion of might
 e - 2 potions of heal wounds {unknown}
 k - a potion of flight {unknown}
 m - 2 potions of lignification {unknown}
 o - a potion of ambrosia {unknown}
 s - a potion of curing
Comestibles
 f - 7 rations


   Skills:
 + Level 4.7 Fighting
 * Level 5.0(5.2) Axes
 + Level 2.1(3.9) Maces & Flails
 + Level 4.7 Armour
 + Level 4.7 Shields


You had 5 spell levels left.
You didn't know any spells.
Your spell library contained the following spells:

 Spells                   Type           Power        Failure   Level  Hunger
 Apportation              Tloc           #.....       99%         1    ##.....
 Summon Small Mammal      Summ           #...         99%         1    ##.....
 Animate Skeleton         Necr           N/A          99%         1    ##.....
 Confusing Touch          Hex            #.....       99%         1    ##.....


Dungeon Overview and Level Annotations

Branches:
Dungeon (4/15)
 Temple: D:4-7

Altars:


Innate Abilities, Weirdness & Mutations

You reflexively headbutt those who attack you in melee.
You have a pair of horns on your head.


Message History

You are too injured to fight recklessly!
You are too injured to fight recklessly!
You are too injured to fight recklessly!
You hit the two-headed ogre.
The two-headed ogre looks as sick as possible!
The two-headed ogre is moderately wounded.
The two-headed ogre barely misses you. You furiously retaliate!
You headbutt the two-headed ogre. You block the two-headed ogre's attack.
You sock the two-headed ogre!
The two-headed ogre looks as sick as possible!
Your headbutt misses the two-headed ogre.
The two-headed ogre is heavily wounded.
You block the two-headed ogre's attack.
The two-headed ogre hits you with a giant club.
You hit the two-headed ogre.
The two-headed ogre is severely wounded.
The two-headed ogre hits you with a giant club!!
* * * LOW HITPOINT WARNING * * *
The two-headed ogre hits you with a giant club!
You die...

..........≈#
§...#####..§§#
≈.....#....§§######
§.....#.....≈#..|.#
..#########..'....#
≈....$#.....≈#....#
§....Z#.....§#....#
§...#####...≈#....#
≈.....)@O...≈#....#
≈§..........≈#....#
§§≈§≈≈≈≈≈≈≈≈§#....#
##############....#
#......# #......#
#######'###+##
........##...#
.............#


You could see a two-headed ogre and a hound skeleton.

Vanquished Creatures
  An ogre (D:4)
  Natasha (thrice) (D:3)
  7 adders
  2 worms (D:3)
  2 dart slugs
  2 leopard geckos (D:1)
  3 orcs (D:3)
  A ball python (D:1)
  3 giant cockroaches
  4 hobgoblins
  3 jackals (D:1)
  9 kobolds
  5 bats
  A frilled lizard (D:2)
  6 goblins
  A jackal skeleton (D:4)
  7 rats
60 creatures vanquished.

Notes
Turn   | Place    | Note
-------+----------+-------------------------------------------
     0 | D:1      | Hebeh the Minotaur Fighter began the quest for the Orb.
     0 | D:1      | Reached XP level 1. HP: 19/19 MP: 0/0
   129 | D:1      | Reached XP level 2. HP: 27/27 MP: 1/1
   306 | D:1      | Reached skill level 3 in Axes
   713 | D:2      | Reached XP level 3. HP: 26/33 MP: 2/2
  1169 | D:2      | Reached XP level 4. HP: 35/40 MP: 3/3
  1366 | D:3      | Reached skill level 4 in Axes
  1366 | D:3      | Reached skill level 1 in Maces & Flails
  1577 | D:3      | Noticed Natasha
  1585 | D:3      | Killed Natasha
  1610 | D:3      | Reached XP level 5. HP: 47/47 MP: 4/4
  1627 | D:3      | Noticed Natasha
  1632 | D:3      | Killed Natasha
  1827 | D:3      | Noticed Natasha
  1833 | D:3      | Killed Natasha
  1972 | D:4      | Noticed a two-headed ogre
  1974 | D:4      | Noticed an ogre
  1982 | D:4      | Killed an ogre
  1982 | D:4      | Reached skill level 5 in Axes
  1982 | D:4      | Reached XP level 6. HP: 32/53 MP: 5/5
  1994 | D:4      | Mangled by a two-headed ogre

Vault maps used:
D:1:      dpeg_arrival_oval
D:3:      first_ration, minmay_misc_feat_cross, serial_bayou_lagoon_b,
          uniq_natasha
D:4:      nicolae_overflow_hidden_temple, kennysheep_generic_room_16

Skill      XL: |  1  2  3  4  5 |
---------------+----------------+-----
Axes           | 3 4 5 |  5.0
Fighting       | 4 |  4.7
Armour         | 4 |  4.7
Shields        | 4 |  4.7
Maces & Flails | 1 2 |  2.1

Action                   |  1- 3 |  4- 6 || total
-------------------------+-------+-------++-------
Melee: War axe           |     9 |       ||     9
       Headbutt          |     7 |     5 ||    12
       Mace              |    51 |    62 ||   113
  Use: Scroll            |     1 |     5 ||     6
  Eat: Chunk             |     1 |     3 ||     4
Armor: Scale mail        |    16 |    15 ||    31
Dodge: Dodged            |    21 |    15 ||    36
Block: Shield            |    29 |    27 ||    56

Table legend:
 A = Spawn XP
 B = Non-spawn XP
 C = Spawn XP percentage of total XP
 D = Spawn monster count
 E = Non-spawn monster count
 F = Spawn count percentage of total count
 G = Total turns spent on level
                    A         B        C        D         E        F      G
               +---------+---------+-------+---------+---------+-------+---------
         Total |       0 |     409 |   0.0 |       0 |      60 |   0.0 |  1994
               +---------+---------+-------+---------+---------+-------+---------
           D:1 |       0 |      28 |   0.0 |       0 |      15 |   0.0 |   687
           D:2 |       0 |      77 |   0.0 |       0 |      19 |   0.0 |   589
           D:3 |       0 |     183 |   0.0 |       0 |      23 |   0.0 |   662
           D:4 |       0 |     121 |   0.0 |       0 |       3 |   0.0 |    56
               +---------+---------+-------+---------+---------+-------+---------
